 Dungeon Sprint DCSS version 0.21.1-1-g345015f (webtiles) character file.

405 Fang the Cleaver (level 6, 0/69 HPs)
             Began as a Gargoyle Berserker on July 11, 2018.
             Was a High Priest of Trog.
             Slain by a flying skull (9 damage)
             ... in the Dungeon (Sprint VII: "The Pits").
             The game lasted 00:01:11 (277 turns).

Fang the Cleaver (Gargoyle Berserker)                Turns: 277, Time: 00:01:11

Health: 0/69       AC:  6    Str: 28    XL:     6   Next: 87%
Magic:  6/6        EV: 13    Int:  7    God:    Trog [*****.]
Gold:   0          SH:  0    Dex:  9    Spells: 5/5 levels left

rFire    . . .     SeeInvis .   m - +2 hand axe (chop)
rCold    . . .     Gourm    .   (no shield)
rNeg     + . .     Faith    .   b - +0 animal skin
rPois    ∞         Spirit   .   (no helmet)
rElec    +         Reflect  .   (no cloak)
rCorr    .         Harm     .   (no gloves)
MR       .....     NoTele   +   (no boots)
Stlth    ..........             (no amulet)
HPRegen  0.21/turn              (no ring)
MPRegen  0.10/turn              (no ring)

@: berserking (expiring), very quick
A: negative energy resistance 1, electricity resistance, unbreathing,
petrification resistance, rot immunity, AC +4
a: Berserk, Trog's Hand, Brothers in Arms, Burn Spellbooks, Renounce Religion


You were in the Dungeon.
You worshipped Trog.
Trog was extremely pleased with you.
You were not hungry.

You visited 1 branch

Inventory:

Hand Weapons
 j - a +2 hand axe
 m - a +2 hand axe of chopping (weapon)
Armour
 b - a +0 animal skin (worn)
Scrolls
 i - a scroll of blinking
 k - 3 scrolls of remove curse
 l - a scroll of summoning
Potions
 a - 2 potions of invisibility
 d - 6 potions of curing
 e - 6 potions of heal wounds
 f - a potion of haste
 g - 4 potions of magic
 h - 3 potions of berserk rage
Comestibles
 c - 9 rations


   Skills:
 + Level 9.3 Fighting
 + Level 9.5 Axes
 + Level 4.7 Armour
 + Level 4.4 Dodging


You had 5 spell levels left.
You didn't know any spells.

Dungeon Overview and Level Annotations

Branches:
Dungeon (1/1)

Altars:
Cheibriados
Dithmenos
Elyvilon
Fedhas
Gozag
Hepliaklqana
Makhleb
Nemelex Xobeh
Okawaru
Qazlal
Ru
Sif Muna
Trog
Vehumet
Wu Jian
Xom
Yredelemnul
Zin
The Shining One
Beogh
Jiyva
Lugonu


Innate Abilities, Weirdness & Mutations

You are resistant to torment.
Your stone body is resilient. (AC +4)
You are immune to poison.
You resist negative energy. (rN+)
You are resistant to electric shocks. (rElec)
You can survive without breathing.
You are immune to petrification.
You are immune to rotting.


Message History

The ice beast hits you.
* * * LOW HITPOINT WARNING * * *
The ice beast freezes you.
* * * LOW HITPOINT WARNING * * *
You hear a distant slurping noise.
You barely miss the ice beast.
The ice beast is heavily wounded.
You slash the gnoll!
You kill the gnoll!
Trog accepts your kill.
You miss the flying skull. You slash the goblin!
You kill the goblin!
Trog accepts your kill.
Trog will gift you weapons as you gain piety.
The flying skull barely misses you.
A gnoll sergeant comes into view. It is wielding a spear.
The gnoll sergeant shouts!
The ice beast hits you but does no damage.
The flying skull hits you!
You die...

#.#......††##......
#.#........##......
#.#####'#####...<..
#.#...).)[.##......
#(#...)))[.##......
#(###########......
#..)....# #######
#..Y....# #z@g#...#
#..## ..# #..g .#
#...g # #.....
#######


You could see an ice beast, a gnoll sergeant, a flying skull and 2 gnolls.

Vanquished Creatures
  Prince Ribbit (D)
  A floating eye (D)
  A centaur (D)
  2 gnolls (D)
  An ooze (D)
  A worm (D)
  An orc (D)
  A bat zombie (D)
  2 goblins (D)
  A ball python (D)
  A ball python skeleton (D)
  A bat (D)
  A frilled lizard (D)
15 creatures vanquished.

Vanquished Creatures (others)
  A golden eye (D)
1 creature vanquished.

Grand Total: 16 creatures vanquished

Notes
Turn   | Place    | Note
-------+----------+-------------------------------------------
     0 | D        | Fang the Gargoyle Berserker began the quest for the Orb.
     0 | D        | Reached XP level 1. HP: 14/14 MP: 1/1
     4 | D        | Killed a golden eye
    20 | D        | Found a bloodstained altar of Trog.
    20 | D        | Found a deep blue altar of Sif Muna.
    20 | D        | Found a viscous altar of Jiyva.
    20 | D        | Found a hazy altar of Hepliaklqana.
    20 | D        | Found an opulent altar of Gozag.
    21 | D        | Found a glowing golden altar of the Shining One.
    21 | D        | Found a glowing silver altar of Zin.
    21 | D        | Found a basalt altar of Yredelemnul.
    21 | D        | Found a shimmering altar of Xom.
    21 | D        | Found an ornate altar of the Wu Jian Council.
    21 | D        | Found a sacrificial altar of Ru.
    21 | D        | Found a stormy altar of Qazlal.
    21 | D        | Found an iron altar of Okawaru.
    21 | D        | Found a sparkling altar of Nemelex Xobeh.
    21 | D        | Found a burning altar of Makhleb.
    21 | D        | Found a blossoming altar of Fedhas.
    21 | D        | Found a white marble altar of Elyvilon.
    21 | D        | Found a shadowy altar of Dithmenos.
    21 | D        | Found a snail-covered altar of Cheibriados.
    23 | D        | Found a radiant altar of Vehumet.
    23 | D        | Found a corrupted altar of Lugonu.
    23 | D        | Found a roughly hewn altar of Beogh.
    72 | D        | Reached ** piety under Trog
    78 | D        | Reached XP level 2. HP: 19/20 MP: 2/2
    82 | D        | Noticed a floating eye
    86 | D        | Paralysed by a floating eye for 2 turns
    89 | D        | Killed a floating eye
    89 | D        | Reached *** piety under Trog
    89 | D        | Reached XP level 3. HP: 23/28 MP: 3/3
    89 | D        | Reached XP level 4. HP: 26/32 MP: 4/4
    89 | D        | Reached XP level 5. HP: 30/37 MP: 5/5
   267 | D        | Noticed a centaur
   268 | D        | Noticed an ice beast
   268 | D        | Noticed a flying skull
   268 | D        | Noticed Prince Ribbit
   273 | D        | Killed Prince Ribbit
   273 | D        | Reached **** piety under Trog
   273 | D        | Reached XP level 6. HP: 27/45 MP: 6/6
   276 | D        | Reached ***** piety under Trog
   277 | D        | Slain by a flying skull

Skill      XL: |  1  2  3  4  5  6 |
---------------+-------------------+-----
Axes           | 3 6 8 9 |  9.5
Fighting       | 4 6 8 9 |  9.3
Armour         | 3 4 |  4.7
Dodging        | 3 4 |  4.4

Action                   |  1- 3 |  4- 6 || total
-------------------------+-------+-------++-------
Melee: Hand axe          |    13 |     7 ||    20
Invok: Berserk           |     1 |     1 ||     2
Armor: Animal skin       |     6 |     5 ||    11
Dodge: Dodged            |     6 |     9 ||    15
